[Event "Betsys MČR v online bleskovém šachu 2021"]
[Site "Chess.com"]
[Date "2021.04.17"]
[Round "9"]
[White "VOJTASEK2009"]
[Black "Maty_2010"]
[Result "1-0"]
[WhiteElo "1281"]
[BlackElo "976"]
[TimeControl "180+1"]
[EndTime "10:30:43 PDT"]
[Termination "Uživatel VOJTASEK2009 zvítězil matem"]

1. e4 e5 2. Nf3 Bc5 3. Bc4 Nf6 4. d3 d5 5. exd5 Nxd5 6. O-O Nf4 7. Bxf4 exf4 8. Re1+ Be6 9. Bxe6 fxe6 10. Rxe6+ Be7 11. Nc3 Qd7 12. Qe2 Nc6 13. Re4 O-O-O 14. Rxf4 g5 15. Rf7 Rhe8 16. Rxh7 Nb4 17. a3 Nd5 18. Nxd5 Qxd5 19. Rxe7 Rf8 20. Re1 Qb5 21. b3 a5 22.
Qe6+ Kb8 23. Qg6 Rd5 24. Re8+ Rxe8 25. Rxe8+ Ka7 26. Qg8 a4 27. Ra8+ Kb6 28. c4 Qxb3 29. c5+ Rxc5 30. Qxb3+ Kc6 31. Qb1 g4 32. Rf8 gxf3 33. Rxf3 b5 34. d4 Rc4 35. Qe4+ Kb6 36. Qe6+ Kb7 37. Qxc4 bxc4 38. Rc3 Kb6 39. Rxc4 Kb5 40.
Rc5+ Kb6 41. Rc4 Kb5 42. Rb4+ Ka5 43. Kf1 c6 44. Ke2 Ka6 45. Kd3 Ka5 46. h4 Ka6 47.
h5 c5 48. dxc5 Ka5 49. h6 Ka6 50. h7 Ka7 51. h8=Q Ka6 52. Qa8# 1-0

[Event "Betsys MČR v online bleskovém šachu 2021"]
[Site "Chess.com"]
[Date "2021.04.17"]
[Round "9"]
[White "OlifantCZ"]
[Black "FutureFideMasseur"]
[Result "0-1"]
[WhiteElo "2290"]
[BlackElo "2445"]
[TimeControl "180+1"]
[EndTime "10:30:46 PDT"]
[Termination "Uživatel FutureFideMasseur zvítězil na čas"]

1. c4 e5 2. g3 Nf6 3. Bg2 c6 4. d4 exd4 5. Qxd4 Be7 6. Nc3 O-O 7. Nf3 d6 8. O-O Be6 9. b3 Nbd7 10. Ng5 Bf5 11.
e4 Bg6 12. Ba3 Qa5 13. Bc1 Rfe8 14. Nh3 h6 15. Nf4 Bh7 16. Bd2 Qc7 17. Rad1 Ne5 18.
h3 a6 19. a4 Rad8 20. Bc1 Nfd7 21. Ba3 Nc5 22. Bxc5 dxc5 23. Qe3 a5 24. Nce2 b6 25. Nc1 Bf6 26. Nh5 Be7 27. f4 Ng6 28. e5 Nf8 29. g4 Ne6 30. Ng3 Nd4 31. Ne4 Rd7 32. Qg3 Red8 33. Nc3 Bc2 34. Rde1 Bxb3 35. f5 Bxc4 36.
f6 Bxf6 37. Rxf6 gxf6 38. h4 Ne6 39. g5 fxg5 40. hxg5 hxg5 0-1

[Event "Betsys MČR v online bleskovém šachu 2021"]
[Site "Chess.com"]
[Date "2021.04.17"]
[Round "9"]
[White "kecalk"]
[Black "CZMaster666"]
[Result "1-0"]
[WhiteElo "2151"]
[BlackElo "1918"]
[TimeControl "180+1"]
[EndTime "10:30:46 PDT"]
[Termination "Uživatel kecalk zvítězil na čas"]

1. c4 e5 2. Nc3 Nf6 3. Nf3 Nc6 4. e3 d5 5. cxd5 Nxd5 6. Bb5 Nxc3 7. bxc3 Bd6 8. d4 exd4 9. cxd4 Bd7 10. O-O O-O 11.
e4 Bg4 12. Bxc6 bxc6 13. h3 Bh5 14. Qd3 Bb4 15. Ne5 c5 16. Nc6 Qd7 17. Nxb4 cxb4 18. Be3 f5 19. exf5 Rxf5 20. Qc4+ Kh8 21. Qxb4 Raf8 22. Rac1 Bf3 23. gxf3 Rxf3 24. Rc5 Qxh3 25.
Rg5 h6 26. Rg2 Qh4 27. Re1 Kh7 28. a3 Rh3 29. Kf1 Re8 30. Qb1+ Kh8 31. Qd3 Qh5 32. Rg1 Rf3 33. Qg6 Qh3+ 34. Qg2 Rxf2+ 35. Kxf2 1-0

[Event "Betsys MČR v online bleskovém šachu 2021"]
[Site "Chess.com"]
[Date "2021.04.17"]
[Round "9"]
[White "VeceraP1973"]
[Black "petr812"]
[Result "1-0"]
[WhiteElo "1933"]
[BlackElo "2111"]
[TimeControl "180+1"]
[EndTime "10:30:46 PDT"]
[Termination "Uživatel VeceraP1973 zvítězil na čas"]

1. e4 e6 2. d4 d5 3. Nc3 Nf6 4. e5 Nfd7 5. Nf3 c5 6. dxc5 Bxc5 7. Bd3 Nc6 8. Bf4 b6 9. O-O Bb7 10. a3 Be7 11. Re1 O-O 12. h4 Nc5 13. Bxh7+ Kxh7 14. Ng5+ Bxg5 15. Bxg5 Qe8 16. Qh5+ Kg8 17. Bf6 Ne7 18. Qg5 Ng6 19. h5 gxf6 20. exf6 Nd7 21. hxg6 fxg6 22. Rxe6 Qf7 23. Re7 Qxf6 24. Qxf6 Nxf6 25. Rxb7 d4 26. Ne2 Rfd8 27. Rd1 Rac8 28. Rxd4 Re8 29. Nc3 Re1+ 30.
Kh2 Rc1 31. Rf4 Rf8 32. g3 Rxc2 33. Kg2 g5 34. Rd4 Rf7 35. Rxf7 Kxf7 36. Rb4 Ke7 37.
Rb5 g4 38. Nd5+ Nxd5 39. Rxd5 1-0

[Event "Betsys MČR v online bleskovém šachu 2021"]
[Site "Chess.com"]
[Date "2021.04.17"]
[Round "9"]
[White "TheRigos"]
[Black "Clockwork7orange"]
[Result "1-0"]
[WhiteElo "2571"]
[BlackElo "2317"]
[TimeControl "180+1"]
[EndTime "10:30:47 PDT"]
[Termination "Uživatel TheRigos zvítězil na čas"]

1. e4 c5 2. Nf3 Nc6 3. d4 cxd4 4. Nxd4 e5 5. Nb5 d6 6. N1c3 a6 7. Na3 b5 8. Nd5 Nge7 9. c4 Nd4 10. Be3 Nxd5 11.
exd5 Nf5 12. Bd2 Qh4 13. Bd3 Be7 14. g3 Qf6 15. cxb5 O-O 16. O-O axb5 17. Nxb5 Ba6 18. Bc3 Bxb5 19. Bxb5 Qg5 20. Bd2 Qf6 21. Bc3 Qg5 22. Qc1 Qg4 23. f3 Qh3 24. Qe1 Bg5 25. Kh1 Ne3 26. Rf2 Nxd5 27. Bc6 Nxc3 28. Bxa8 Nb5 29. Bd5 Nd4 30. a4 Rb8 31. a5 h5 32.
a6 Nb5 33. a7 Nxa7 34. Rxa7 h4 35. g4 Kh8 36. Rxf7 Rc8 37. Be4 g6 38. Rc2 Rxc2 39.
Bxc2 Bf4 40. Qf2 d5 41. Qg2 1-0

[Event "Betsys MČR v online bleskovém šachu 2021"]
[Site "Chess.com"]
[Date "2021.04.17"]
[Round "9"]
[White "Naty139"]
[Black "LiborRojar"]
[Result "1-0"]
[WhiteElo "2232"]
[BlackElo "2070"]
[TimeControl "180+1"]
[EndTime "10:30:47 PDT"]
[Termination "Uživatel Naty139 zvítězil po vzdání soupeře"]

1. e4 e5 2. Nf3 Nf6 3. Bc4 Nc6 4. d3 Bc5 5. c3 d6 6. Nbd2 O-O 7. O-O a6 8. Bb3 b5 9. a4 Be6 10. Bxe6 fxe6 11.
axb5 axb5 12. Rxa8 Qxa8 13. Qb3 Re8 14. Qxb5 Ne7 15. d4 exd4 16. cxd4 Bb6 17. Re1 h6 18. b3 Ng6 19. Nc4 Rb8 20. Nxb6 Rxb6 21. Qc4 Qc8 22.
Bd2 Kh7 23. b4 Ra6 24. b5 Ra8 25. e5 Nd5 26. exd6 cxd6 27. Qxc8 Rxc8 28. Rxe6 Ngf4 29. Bxf4 Nxf4 30. Re1 d5 31. g3 Nd3 32. Rd1 Nb4 33.
Ne5 Rb8 34. Nc6 Rxb5 35. Rb1 Rb6 36. Nxb4 Kg6 37. Rb2 Kf5 38. f3 g5 39. Nd3 Ra6 40.
Kf2 Ra3 41. Nb4 Ke6 42. Re2+ Kd6 43. Nc2 Rd3 44. Ne3 h5 45. Nf5+ Kd7 46. h4 gxh4 47.
gxh4 Rd1 48. Kg3 Rg1+ 49. Kf4 Rh1 50. Kg5 Rh2 51. Rxh2 1-0

[Event "Betsys MČR v online bleskovém šachu 2021"]
[Site "Chess.com"]
[Date "2021.04.17"]
[Round "9"]
[White "Herracek"]
[Black "Trickov"]
[Result "1/2-1/2"]
[WhiteElo "2606"]
[BlackElo "2404"]
[TimeControl "180+1"]
[EndTime "10:30:48 PDT"]
[Termination "Remíza opakováním pozice"]

1. c4 c6 2. Nc3 d5 3. cxd5 cxd5 4. d4 Nf6 5. Bf4 Nc6 6. e3 a6 7. Rc1 Bf5 8. Nf3 Rc8 9. Ne5 Nxe5 10. dxe5 Ne4 11. Nxe4 Rxc1 12. Qxc1 Bxe4 13. e6 Qa5+ 14. Ke2 fxe6 15. f3 Bf5 16. Be5 Qxa2 17. Kf2 Qb3 18. Be2 Rg8 19. g4 Bd3 20. Bd1 Qb4 21.
Qc8+ Kf7 22. Bc3 Qb5 23. Qc7 g5 24. h4 Bg7 25. hxg5 Qc4 26. Qxb7 Bxc3 27. bxc3 Rxg5 28. Be2 Bxe2 29. Rxh7+ Rg7 30. Rxg7+ Kxg7 31. Qxe7+ Kg8 32. Qxe6+ Kg7 33. g5 Bd3 34. Qf6+ Kg8 35. g6 Qc7 36. f4 Be4 37. Kg3 Qg7 38. Qd8+ Qf8 39. Qg5 Qf5 40.
Qd8+ Kg7 41. Kf2 Qxg6 42. Qe7+ Kh6 43. Qh4+ Kg7 44. Qe7+ Kh8 45. Qf8+ Kh7 46. Qe7+ Qg7 47. Qh4+ Kg8 48. Qd8+ Kh7 49. Qh4+ Kg8 50. Qd8+ Kh7 51.
Qh4+ 1/2-1/2

[Event "Betsys MČR v online bleskovém šachu 2021"]
[Site "Chess.com"]
[Date "2021.04.17"]
[Round "9"]
[White "5265"]
[Black "Michelangelo111"]
[Result "1-0"]
[WhiteElo "1667"]
[BlackElo "2099"]
[TimeControl "180+1"]
[EndTime "10:30:48 PDT"]
[Termination "Uživatel 5265 zvítězil na čas"]

1. e4 c5 2. c3 d5 3. exd5 Qxd5 4. d4 cxd4 5. cxd4 e5 6. Nf3 exd4 7. Qxd4 Qxd4 8. Nxd4 Bc5 9. Nb5 Na6 10. N1c3 Nf6 11. a3 O-O 12. Be2 Bf5 13. b4 Bb6 14.
Bf4 Bg6 15. O-O Rac8 16. Rac1 Rfd8 17. Na4 Nd5 18. Bg3 h6 19. Rxc8 Rxc8 20. Bf3 Bd3 21. Nd6 Rd8 22. Rc1 Bc7 23. Bxd5 Bxd6 24. Bxd6 Rxd6 25. Bxb7 Kh7 26. Bxa6 Bxa6 27. Nc5 Bb5 28. Re1 Rd2 29. a4 Bc4 30. h3 Rb2 31. b5 Rb4 32. Re7 1-0

[Event "Betsys MČR v online bleskovém šachu 2021"]
[Site "Chess.com"]
[Date "2021.04.17"]
[Round "9"]
[White "CZpeeeter"]
[Black "feela1"]
[Result "1-0"]
[WhiteElo "1700"]
[BlackElo "1354"]
[TimeControl "180+1"]
[EndTime "10:30:48 PDT"]
[Termination "Uživatel CZpeeeter zvítězil na čas"]

1. d4 Nf6 2. Nf3 e6 3. e3 d5 4.
Bd3 Bd6 5. O-O Ng4 6. h3 Nf6 7. Nbd2 Nc6 8. b3 a6 9. Bb2 Nb4 10. Be2 Bd7 11. a3 Nc6 12. Bd3 Qe7 13. Ne5 Bxe5 14.
dxe5 Ng8 15. c4 dxc4 16. Nxc4 O-O-O 17. Rc1 Nh6 18. Qe2 Nf5 19. Be4 g6 20. Rfd1 h5 21. b4 g5 22. Nd6+ cxd6 23. exd6 Nxd6 24. Bxh8 Nxe4 25. Bd4 f5 26. b5 axb5 27. Qxb5 Qd6 28. Bb6 Qxa3 29. Bxd8 Kxd8 30. Qxb7 Nd6 31. Qb6+ Ke7 32.
Qc5 Qxc5 33. Rxc5 Ne4 34. Rdc1 Ne5 35. Rxe5 Nd2 36. Rc7 Nb3 37. Rb7 Ke8 38. Rxb3 Ba4 39. Rb7 Bd7 40. Ra5 1-0

[Event "Betsys MČR v online bleskovém šachu 2021"]
[Site "Chess.com"]
[Date "2021.04.17"]
[Round "9"]
[White "Tobish"]
[Black "dino5517"]
[Result "1-0"]
[WhiteElo "1683"]
[BlackElo "1388"]
[TimeControl "180+1"]
[EndTime "10:30:50 PDT"]
[Termination "Uživatel Tobish zvítězil na čas"]

1. e4 e5 2. Nf3 Nf6 3. Nxe5 Nc6 4. Nxc6 dxc6 5. Nc3 Bc5 6. d3 Qd6 7. Be2 h5 8. Be3 Bxe3 9. fxe3 Ng4 10. Qd2 Nxh2 11. O-O-O Ng4 12. Rdf1 Be6 13. d4 O-O-O 14. Bd3 Qg3 15.
e5 Qxe3 16. Qxe3 Nxe3 17. Rf3 Ng4 18. Ne2 g5 19. c3 h4 20. Ng1 Nh6 21. Rf6 Ng4 22.
Rf3 Rdf8 23. Nh3 f6 24. exf6 Nxf6 25. Nxg5 Bd5 26. Rf4 Rfg8 27. Bf5+ Kb8 28. Ne4 Nxe4 29. Bxe4 Bxe4 30. Rxe4 h3 31. gxh3 Rg3 32. h4 a6 33.
Kc2 Ka7 34. Kb3 Kb6 35. Kc4 a5 36. h5 Ka6 37. h6 Rg6 38. h7 Rg7 39. Reh4 b5+ 40.
Kb3 a4+ 41. Kb4 Kb6 42. Rh6 Rg2 43. R1h2 Rg5 44. Ka3 1-0

[Event "Betsys MČR v online bleskovém šachu 2021"]
[Site "Chess.com"]
[Date "2021.04.17"]
[Round "9"]
[White "horvi1"]
[Black "Bolavey_Kotnik"]
[Result "0-1"]
[WhiteElo "2234"]
[BlackElo "2367"]
[TimeControl "180+1"]
[EndTime "10:30:51 PDT"]
[Termination "Uživatel Bolavey_Kotnik zvítězil po vzdání soupeře"]

1. Nf3 Nf6 2. c4 d6 3. Nc3 Nbd7 4. d4 e5 5. e4 Be7 6. Be2 O-O 7. O-O a5 8. Bg5 h6 9. Bh4 c6 10. Bg3 Nh5 11.
Qd2 Nxg3 12. fxg3 Qc7 13. Rad1 a4 14. Kh1 exd4 15. Qxd4 Ne5 16. Nxe5 dxe5 17. Qe3 Be6 18. h3 Qa5 19. Nb1 Rad8 20. Qc3 Bb4 21. Qf3 Qb6 22. Nc3 a3 23. bxa3 Bxa3 24. Rb1 Qa7 25. Rb3 Bc5 26.
Rfb1 Rd7 27. a4 Rfd8 28. g4 Bd4 29. h4 Qc5 30. Rxb7 Qe7 31. Rxd7 Qxh4+ 32. Qh3 Qxh3+ 33. gxh3 Rxd7 34. Rb8+ Kh7 35. Nd1 Ra7 36. Rb4 c5 37. Rb3 Rxa4 38. Kg2 Bxc4 39. Kf3 Bxb3 0-1

[Event "Betsys MČR v online bleskovém šachu 2021"]
[Site "Chess.com"]
[Date "2021.04.17"]
[Round "9"]
[White "MartinCerveny"]
[Black "berny643"]
[Result "1-0"]
[WhiteElo "2667"]
[BlackElo "2567"]
[TimeControl "180+1"]
[EndTime "10:30:53 PDT"]
[Termination "Uživatel MartinCerveny zvítězil matem"]

1. d4 Nf6 2. Nf3 e6 3. g3 c5 4. c3 b6 5. Bg2 Bb7 6. O-O Be7 7.
Bf4 O-O 8. h3 d6 9. g4 Qc7 10.
Bh2 Nbd7 11. Nbd2 Rfe8 12. Re1 h6 13. e4 e5 14. d5 Nf8 15. Nf1 b5 16. Ng3 c4 17.
Qd2 Ng6 18. Nf5 Bf8 19. g5 hxg5 20. Qxg5 Nh7 21. Qd2 Bc8 22. Kh1 Bd7 23. h4 Qc5 24. h5 Nf4 25. Bxf4 exf4 26. N3d4 g6 27. hxg6 fxg6 28.
Nh4 Re5 29. Nxg6 Rh5+ 30. Kg1 Rg5 31. Nxf4 Bh6 32. Qe2 Kh8 33. Nde6 Bxe6 34. Nxe6 Rxg2+ 35. Kxg2 Rg8+ 36. Kf1 Qc8 37. Qh5 Bg7 38. Ke2 Be5 39.
Rh1 Qd7 40. Rag1 Rxg1 41. Rxg1 Qe7 42. Rh1 b4 43. f4 bxc3 44. fxe5 cxb2 45. exd6 Qb7 46.
Qe8# 1-0

[Event "Betsys MČR v online bleskovém šachu 2021"]
[Site "Chess.com"]
[Date "2021.04.17"]
[Round "9"]
[White "Svisthorsky"]
[Black "SajdlJosef"]
[Result "0-1"]
[WhiteElo "1460"]
[BlackElo "1829"]
[TimeControl "180+1"]
[EndTime "10:30:53 PDT"]
[Termination "Uživatel SajdlJosef zvítězil na čas"]

1. d4 d5 2. c4 c6 3. Nc3 Nf6 4. Bg5 Bf5 5. Bxf6 gxf6 6. Nf3 e6 7. e3 Nd7 8. cxd5 exd5 9. Bd3 Bg6 10. Qc2 Bd6 11.
Bxg6 hxg6 12. O-O-O b5 13. e4 b4 14. Na4 Nb6 15.
Nc5 O-O 16. e5 fxe5 17. dxe5 Bxc5 18. Qxc5 Nd7 19. Qxb4 Rb8 20. Qh4 Qxh4 21. Nxh4 Nxe5 22. Rhe1 Nc4 23. b3 Nd6 24. Re7 a5 25. Rd7 Ne4 26. f3 Nc3 27. Kb2 Nxd1+ 28. Kc2 Ne3+ 29. Kd3 Nf5 30.
Nxf5 gxf5 31. Rc7 Rfc8 32. Ra7 Ra8 33. Re7 a4 34. Re5 axb3 35. axb3 Ra3 36. Kc3 Rb8 37. Rxf5 Raxb3+ 38. Kd4 R8b4+ 39. Kc5 Rc4+ 40. Kd6 d4 41. Rf4 Rcb4 42. Kxc6 d3 0-1

[Event "Betsys MČR v online bleskovém šachu 2021"]
[Site "Chess.com"]
[Date "2021.04.17"]
[Round "9"]
[White "zarathutra"]
[Black "CrisBenton4"]
[Result "1-0"]
[WhiteElo "1802"]
[BlackElo "1447"]
[TimeControl "180+1"]
[EndTime "10:30:54 PDT"]
[Termination "Uživatel zarathutra zvítězil na čas"]

1. d4 d5 2. c4 c6 3. Nc3 Nf6 4. e3 Bf5 5. cxd5 cxd5 6. Qb3 e6 7.
Qxb7 Nbd7 8. Qb3 Rb8 9. Qd1 Be7 10. Nf3 O-O 11. Be2 a5 12. O-O Qc8 13. Nh4 Be4 14. f3 Bg6 15. Nxg6 hxg6 16. Na4 Bb4 17. Bd2 Qb7 18. Bxb4 Qxb4 19. b3 Nb6 20. Nxb6 Qxb6 21. Qd3 Rfc8 22. Rfc1 Qb7 23. Qa6 Rxc1+ 24. Rxc1 Qxa6 25. Bxa6 Ra8 26. Bb5 Rb8 27. Ba4 Kh7 28. Kf2 Kh6 29. Rc5 Ra8 30. Rc7 Rf8 31. Ra7 Rc8 32.
Rxa5 Rc2+ 33. Kg3 Nh5+ 34. Kh3 Rxa2 35. Ra7 f6 36. Re7 e5 37. dxe5 fxe5 38. Rxe5 Nf6 39.
Bc6 Rd2 40. b4 d4 41. exd4 Rxd4 42. b5 Rd3 43. b6 Nh5 44. Rb5 Nf4+ 45. Kg3 Nh5+ 46.
Kf2 Rd2+ 47. Ke3 Rd8 48. b7 Rb8 49. Re5 Nf6 50. Ra5 1-0

[Event "Betsys MČR v online bleskovém šachu 2021"]
[Site "Chess.com"]
[Date "2021.04.17"]
[Round "9"]
[White "tondapesek"]
[Black "lupinek23"]
[Result "0-1"]
[WhiteElo "1104"]
[BlackElo "1594"]
[TimeControl "180+1"]
[EndTime "10:30:54 PDT"]
[Termination "Uživatel lupinek23 zvítězil na čas"]

1. e4 d5 2. exd5 Nf6 3. Nc3 Nxd5 4. Nxd5 Qxd5 5. Nf3 Bg4 6. Be2 e6 7. d4 Bb4+ 8. c3 Ba5 9. b4 Bb6 10. Be3 O-O 11. O-O Nd7 12. h3 Bh5 13. Nd2 Bg6 14. Nf3 Nf6 15. Bd3 Ne4 16. Bxe4 Qxe4 17. Qd2 Rad8 18.
Ne5 f6 19. Nxg6 Qxg6 20. Qe2 e5 21. dxe5 Bxe3 22. Qxe3 fxe5 23. Qxe5 Rd3 24. Qxc7 Rxh3 25. Qc4+ Kh8 26. g3 h5 27. Qd5 h4 28. Qg2 Qf5 29.
gxh4 Rxh4 30. f3 Rf6 31. Kf2 Rg6 32. Qxg6 Qxg6 33. Rh1 Rxh1 34. Rxh1+ Kg8 35. Ke3 Qe6+ 36. Kd2 Qd5+ 37. Ke3 Qxa2 38. Rc1 Qb2 39. Rd1 Qxc3+ 40. Rd3 Qe5+ 41. Kf2 a5 42. bxa5 Qxa5 0-1

[Event "Betsys MČR v online bleskovém šachu 2021"]
[Site "Chess.com"]
[Date "2021.04.17"]
[Round "9"]
[White "handlovskyjachym"]
[Black "Emicka1330"]
[Result "1-0"]
[WhiteElo "1366"]
[BlackElo "1572"]
[TimeControl "180+1"]
[EndTime "10:30:56 PDT"]
[Termination "Uživatel handlovskyjachym zvítězil na čas"]

1. e4 d5 2. exd5 Nf6 3. d4 Nxd5 4. Nf3 g6 5. Bc4 Bg7 6. Bxd5 Qxd5 7. Nc3 Qa5 8. Bd2 O-O 9. O-O Nc6 10. Re1 Qb4 11. Nd5 Qxb2 12. Nxe7+ Nxe7 13. Rxe7 Bf5 14. c3 c6 15. Nh4 Be6 16. Rb1 Qxa2 17. Rexb7 Qa3 18.
Ra1 Qd6 19. Rbxa7 Rxa7 20. Rxa7 Rb8 21. Ra1 Bf6 22. Nf3 Bg4 23. h3 Bf5 24. g4 Be4 25.
Qe2 Qd5 26. Ne5 Re8 27. Qc4 Bxe5 28. Qxd5 Bxd5 29. dxe5 h5 30. Re1 Kg7 31. Kh2 Ra8 32. Kg3 Ra2 33. Be3 Rc2 34. Bd4 Rd2 35. Rf1 Rd3+ 36.
Kh2 Rd2 37. g5 1-0

[Event "Betsys MČR v online bleskovém šachu 2021"]
[Site "Chess.com"]
[Date "2021.04.17"]
[Round "9"]
[White "vit_rosenbaum"]
[Black "MilosJi"]
[Result "0-1"]
[WhiteElo "2262"]
[BlackElo "2580"]
[TimeControl "180+1"]
[EndTime "10:30:57 PDT"]
[Termination "Uživatel MilosJi zvítězil po vzdání soupeře"]

1. e4 d5 2. exd5 Qxd5 3. Nc3 Qd6 4. Nf3 Nf6 5. d4 c6 6. Be2 Bf5 7. O-O e6 8. Bg5 Nbd7 9. Qd2 Qc7 10. Rfe1 Bd6 11. Rad1 O-O 12. h3 a5 13. Nh4 Bg6 14. Nxg6 hxg6 15. Bf3 a4 16. a3 Rfe8 17. Ne4 Nxe4 18.
Bxe4 Nf6 19. Bf3 Red8 20. c4 Rd7 21. Qe3 Qa5 22. c5 Be7 23. Qe5 Rad8 24. g3 Nd5 25. Bxe7 Nxe7 26. Bg4 Rd5 27. Qe4 Nf5 28. Bxf5 gxf5 29. Qe3 Rxd4 30. Rxd4 Rxd4 31. Qxd4 Qxe1+ 32.
Kh2 Qe4 33. Qd6 Kh7 34. Qe7 Qc2 35. Qxf7 Qxf2+ 36. Kh1 Qf1+ 37. Kh2 Qe2+ 38. Kh1 Qd1+ 39. Kh2 Qc2+ 40. Kh1 Qb1+ 41. Kh2 Qxb2+ 42. Kh1 Qc1+ 43. Kh2 Qd2+ 44. Kh1 Qe1+ 45. Kh2 Qf2+ 46. Kh1 Qf3+ 47. Kh2 e5 48. g4 Qf4+ 49. Kh1 fxg4 50. Qh5+ Qh6 51.
Qf5+ Qg6 52. Qxe5 gxh3 53. Qe2 Qg2+ 0-1

[Event "Betsys MČR v online bleskovém šachu 2021"]
[Site "Chess.com"]
[Date "2021.04.17"]
[Round "9"]
[White "NeumanPetr"]
[Black "Svandik49"]
[Result "0-1"]
[WhiteElo "2466"]
[BlackElo "2274"]
[TimeControl "180+1"]
[EndTime "10:30:58 PDT"]
[Termination "Uživatel Svandik49 zvítězil na čas"]

1. e4 c5 2. Nc3 e6 3. g3 Nc6 4.
Bg2 Be7 5. d3 Nf6 6. f4 d5 7. e5 Nd7 8. Nf3 f6 9. exf6 Bxf6 10.
O-O O-O 11. Re1 Re8 12. Be3 b6 13. Bd2 Bb7 14. h4 a6 15. Ng5 Nf8 16. Nxe6 Nxe6 17. Bxd5 Bxc3 18. Bxe6+ Rxe6 19. Rxe6 Bxb2 20. Rb1 Bd4+ 21.
Kh2 Qd5 22. Re4 b5 23. c4 Qd7 24. Qh5 b4 25. Rbe1 Rf8 26. Be3 Bc8 27. Kg1 Qg4 28. Qd5+ Kh8 29. Kf2 Qh3 30. Rg1 Bxe3+ 31. Rxe3 Nd4 32. Qxc5 Nf5 33. Re5 Rg8 34. Qd5 Qg4 35.
Qf3 Qxf3+ 36. Kxf3 Nd4+ 37. Ke4 Ne2 38. Re1 Bb7+ 0-1

[Event "Betsys MČR v online bleskovém šachu 2021"]
[Site "Chess.com"]
[Date "2021.04.17"]
[Round "9"]
[White "JohnnyDuck64"]
[Black "Mikulas19"]
[Result "0-1"]
[WhiteElo "2086"]
[BlackElo "1897"]
[TimeControl "180+1"]
[EndTime "10:30:58 PDT"]
[Termination "Uživatel Mikulas19 zvítězil na čas"]

1. e4 e5 2. Nf3 Nf6 3. Nxe5 Nc6 4. Nxc6 dxc6 5. d3 Bc5 6. Be2 h5 7. Nd2 Ng4 8. Bxg4 hxg4 9. Nf1 Qf6 10. Qe2 Be6 11. c3 O-O-O 12. d4 Bb6 13. Be3 g6 14. Ng3 Qe7 15. Qd2 c5 16. d5 c6 17. c4 cxd5 18. cxd5 f5 19. Bg5 Qc7 20. Bxd8 Rxd8 21. O-O-O c4 22.
Kb1 f4 23. Ne2 g5 24. Nd4 Bf7 25. Rc1 Kb8 26. Qc3 Qe5 27. Nb5 Qxe4+ 28. Ka1 Rxd5 29.
Rhe1 Qf5 30. Na3 Rd3 31. Qxc4 Bxc4 32. Nxc4 Rd8 33. Ne5 Qf8 34. Ng6 Qg7 35. Ne7 a6 36. Nf5 Qf6 37. Ne7 Bd4 38. Kb1 Bxb2 0-1

[Event "Betsys MČR v online bleskovém šachu 2021"]
[Site "Chess.com"]
[Date "2021.04.17"]
[Round "9"]
[White "EliasD123"]
[Black "SanyH"]
[Result "0-1"]
[WhiteElo "1314"]
[BlackElo "1604"]
[TimeControl "180+1"]
[EndTime "10:30:58 PDT"]
[Termination "Uživatel SanyH zvítězil matem"]

1. e4 c5 2. Nf3 Nc6 3. d4 cxd4 4. Nxd4 g6 5. Nc3 Bg7 6. Be3 Nf6 7. Qd2 O-O 8. Nf3 d6 9. Bd3 Bg4 10. O-O-O Ne5 11. h3 Nxf3 12. gxf3 Bxf3 13. Rdg1 Bxh1 14. Rxh1 Qa5 15. Rg1 Rac8 16. h4 Nh5 17. Be2 Bxc3 18. bxc3 Nf6 19. h5 Nxe4 20. Qd3 Qa3+ 21. Kd1 Nxf2+ 22.
Bxf2 Rxc3 23. Qd4 Qb2 24. Bd3 Qa1+ 25. Ke2 Qb2 26. hxg6 fxg6 27. Bc4+ Rxc4 28. Qxb2 Re4+ 29. Kd3 d5 30. Bd4 Rf3+ 31. Kd2 Rff4 32. c3 Rxd4+ 33. cxd4 Rf2+ 34. Kc3 Rxb2 35. Kxb2 Kf7 36. Rh1 h5 37. Kc3 Kf6 38. Kb4 Kf5 39. Kc5 Ke4 40. Rg1 Kf5 41.
Kxd5 g5 42. a4 g4 43. Kc4 h4 44. Kd3 Kf4 45. Ke2 g3 46. Kf1 h3 47. d5 Kf3 48. Ke1 h2 49. Rh1 g2 50. Rf1+ gxf1=Q+ 51. Kxf1 h1=Q# 0-1

[Event "Betsys MČR v online bleskovém šachu 2021"]
[Site "Chess.com"]
[Date "2021.04.17"]
[Round "9"]
[White "Sandokanom"]
[Black "iDarkTraveler"]
[Result "1/2-1/2"]
[WhiteElo "1761"]
[BlackElo "1947"]
[TimeControl "180+1"]
[EndTime "10:30:59 PDT"]
[Termination "Remíza – nedostatek materiálu"]

1. c4 c5 2. Nc3 Nc6 3. Nf3 Nf6 4. a3 g6 5. e3 b6 6. d4 cxd4 7. Nxd4 Bb7 8. f3 Bg7 9. Be2 O-O 10. O-O Rc8 11. b4 Nxd4 12. exd4 a6 13. Bb2 e6 14. c5 d5 15. Rc1 bxc5 16. bxc5 Qa5 17. Bd3 Bc6 18. Rb1 Rb8 19. Qc2 Rb7 20. Ne2 Rfb8 21.
Bc3 Qxa3 22. Rxb7 Rxb7 23. Ra1 Qb3 24. Rxa6 Bd7 25. c6 Qxc2 26. Bxc2 Bxc6 27. Rxc6 h5 28. Bd3 Rb8 29. Kf2 Kh7 30. h3 Ra8 31. Bb4 h4 32. Be7 Nh5 33. g4 hxg3+ 34. Nxg3 Ra2+ 35. Ne2 Bxd4+ 36. Ke1 Ra1+ 37. Kd2 Ra2+ 38. Rc2 Rxc2+ 39. Bxc2 Bf6 40. Bxf6 Nxf6 41. Nd4 Kh6 42. Ke2 Kg5 43. Kf2 e5 44. Nc6 e4 45. Ne5 exf3 46. Nxf7+ Kh4 47. Kxf3 Kxh3 48.
Bxg6 Ne4 49. Bxe4 dxe4+ 50. Kxe4 1/2-1/2

[Event "Betsys MČR v online bleskovém šachu 2021"]
[Site "Chess.com"]
[Date "2021.04.17"]
[Round "9"]
[White "Tlaskin"]
[Black "Molefancier"]
[Result "0-1"]
[WhiteElo "1338"]
[BlackElo "1075"]
[TimeControl "180+1"]
[EndTime "10:30:59 PDT"]
[Termination "Uživatel Molefancier zvítězil na čas"]

1. e4 c6 2. d4 d5 3. Nc3 e6 4.
e5 c5 5. Nf3 Nc6 6. Bb5 a6 7.
Bxc6+ bxc6 8. O-O cxd4 9. Qxd4 c5 10. Qg4 Ne7 11. Ng5 Ng6 12. Qf3 Qd7 13. Re1 h6 14. Nh3 Be7 15. b3 O-O 16. Bb2 d4 17.
Na4 Bb7 18. Qd3 Bc6 19. Nb6 Qb7 20. Nxa8 Qxa8 21. c4 Bxg2 22. Qg3 Be4 23. Qg4 Bh1 24.
f3 Bxf3 25. Qg3 Bc6 26. Nf4 Nxf4 27. Qxf4 Bg5 28. Qg4 Bh1 29. Qg3 Bc6 30. Rf1 f6 31. exf6 Bxf6 32. Rae1 Qc8 33. Qd6 Rd8 34. Qxe6+ Qxe6 35. Rxe6 Ba8 36. Rxa6 Re8 37. Raxf6 gxf6 38. Rxf6 Re1+ 39.
Kf2 Rd1 40. Rxh6 Rd2+ 41. Ke1 Rxb2 42. Ra6 Bf3 43. Rg6+ Kf7 44. Rg3 Rb1+ 45. Kf2 Be4 0-1

[Event "Betsys MČR v online bleskovém šachu 2021"]
[Site "Chess.com"]
[Date "2021.04.17"]
[Round "9"]
[White "Skalicky"]
[Black "Toman_26"]
[Result "0-1"]
[WhiteElo "711"]
[BlackElo "916"]
[TimeControl "180+1"]
[EndTime "10:30:59 PDT"]
[Termination "Uživatel Toman_26 zvítězil na čas"]

1. e4 c5 2. Nf3 d6 3. d4 cxd4 4. Nxd4 Nf6 5. Nc3 g6 6. Be3 Bg7 7. f3 O-O 8. Qd2 Nc6 9. g4 Bd7 10. O-O-O a6 11. h4 b5 12. Kb1 b4 13. Nce2 a5 14.
g5 Nh5 15. Rg1 a4 16. b3 axb3 17. cxb3 Qa5 18. Rc1 Rfc8 19. Nxc6 Bxc6 20. Nd4 Bd7 21. Rxc8+ Rxc8 22. Bg2 Qa3 23. Qb2 Qxb2+ 24. Kxb2 Bb5 25. Rc1 Rxc1 26. Kxc1 Bd7 27. Nc2 Bc3 28. Bd2 Kf8 29. Bxc3 bxc3 30. Kd1 Nf4 31. Bf1 f6 32. Ne3 Ne6 33.
Kc2 Nd4+ 34. Kxc3 Nxf3 35. gxf6 exf6 36. Nd5 Kf7 37. Be2 Nxh4 38. a4 f5 39. exf5 Bxf5 40. Bc4 Ke8 41. Nf6+ Kd8 42. Nxh7 Kc7 43. Ng5 Ng2 44.
Bd3 d5 45. Bxf5 gxf5 46. Kd4 Kd6 47. Nf3 Nf4 48. Nd2 Ne2+ 0-1

[Event "Betsys MČR v online bleskovém šachu 2021"]
[Site "Chess.com"]
[Date "2021.04.17"]
[Round "9"]
[White "FBingoPlayer"]
[Black "Eliska0107"]
[Result "0-1"]
[WhiteElo "2174"]
[BlackElo "2052"]
[TimeControl "180+1"]
[EndTime "10:31:00 PDT"]
[Termination "Uživatel Eliska0107 zvítězil na čas"]

1. Nc3 d6 2. d4 g6 3. e4 Bg7 4. Bg5 Nf6 5. e5 Nfd7 6. f4 f6 7. Bh4 O-O 8. Bc4+ Kh8 9. Nf3 Nc6 10. a3 Nb6 11. Ba2 Bg4 12. d5 Bxf3 13. gxf3 Nb8 14. e6 f5 15. Bf2 c6 16. Bd4 Bf6 17. h4 cxd5 18. h5 Qe8 19. Nb5 Na6 20. Qd3 Bxd4 21.
Qxd4+ Rf6 22. hxg6 Qxg6 23. O-O-O Nc5 24. Rdg1 Qe8 25.
Nc7 Qc6 26. Nxa8 Nxa8 27. Bxd5 Qc8 28. Kb1 Nb6 29. Ba2 Nxe6 30. Qf2 d5 31. Qh4 Rf7 32. Qh5 Qf8 33. Rg2 Ng7 34. Qg5 e6 35. Qg6 Qg8 36. Qh6 Nd7 37. Rhg1 Qf8 38. Ka1 Nc5 39. Bb1 Kg8 40.
b4 Nd7 41. Rh1 Nf6 42. Qg5 Qe7 0-1